 Dungeon Crawl Stone Soup version 0.27.0 (webtiles) character file.

Game seed: 15548657424122425558

57 shadowrider38 the Chopper (level 3, 0/49 HPs)
             Began as a Minotaur Berserker on July 31, 2021.
             Was a Believer of Trog.
             Slain by Sigmund (2 damage)
             ... on level 2 of the Dungeon.
             The game lasted 00:01:20 (1184 turns).

shadowrider38 the Chopper (Minotaur Berserker)      Turns: 1184, Time: 00:01:21

Health: 0/49       AC:  5    Str: 22    XL:     3   Next: 73%
Magic:  2/2        EV: 11    Int:  4    God:    Trog [**....]
Gold:   29         SH:  0    Dex:  9    Spells: 2/2 levels left

rFire    . . .     SeeInvis .   a - +0 hand axe
rCold    . . .     Faith    .   (no shield)
rNeg     . . .     Spirit   .   g - +0 ring mail
rPois    .         Reflect  .   (helmet restricted)
rElec    .         Harm     .   (no cloak)
rCorr    .         Rampage  .   (no gloves)
Will     .....                  (no boots)
Stlth    ..........             (no amulet)
HPRegen  0.16/turn              (no ring)
MPRegen  0.08/turn              (no ring)

@: berserking, very quick
A: horns 2, retaliatory headbutt
a: Renounce Religion, Berserk, Trog's Hand


You were on level 2 of the Dungeon.
You worshipped Trog.
Trog was pleased with you.
You visited 1 branch of the dungeon, and saw 2 of its levels.

You collected 29 gold pieces.

Inventory:

Hand Weapons
 a - a +0 hand axe (weapon)
Armour
 g - a +0 ring mail (worn)
Scrolls
 b - a scroll of brand weapon {unknown}
 d - a scroll of blinking {unknown}
 f - a scroll of acquirement {unknown}
 h - 2 scrolls of identify {unknown}
 j - a scroll of summoning {unknown}
Potions
 c - 2 potions of mutation {unknown}
 e - a potion of heal wounds {unknown}
 i - a potion of curing {unknown}


   Skills:
 - Level 3.9 Fighting
 + Level 5.4 Axes
 - Level 2.5 Armour
 - Level 2.2 Dodging


You had 2 spell levels left.
You didn't know any spells.
Your spell library was empty.

Dungeon Overview and Level Annotations

Branches:
Dungeon (2/15)

Altars:

Annotations:
D:2 Sigmund


Innate Abilities, Weirdness & Mutations

You have a pair of horns on your head.
You reflexively headbutt those who attack you in melee.


Message History

There are monsters nearby!
There are monsters nearby!
There are monsters nearby!
There are monsters nearby!
The quokka barely misses you. You furiously retaliate!
You headbutt the quokka!
You kill the quokka!
Trog accepts your kill. The goblin hits you but does no damage.
Sigmund the Dreaded comes into view.
He is wielding a +0 scythe.
You slash the goblin!
You kill the goblin!
Trog accepts your kill.
Sigmund casts a spell.
Sigmund flickers and vanishes!
Deactivating autopickup; reactivate with Ctrl-A.
Things that are here:
a +0 club; a goblin corpse No target in view!
No target in view!
You see here a +0 dagger.
A puff of flame appears from out of thin air!
The puff of flame hits you.
You see here a worm corpse.
A magic dart appears from out of thin air!
The magic dart hits you.
You start resting.
Something hits you.
You swing at nothing.
Something hits you. Something hits you!
You hit something but do no damage. You headbutt something.
You hear some strange, mumbled words.
A magic dart appears from out of thin air!
The magic dart hits you.
* * * LOW HITPOINT WARNING * * *
A red film seems to cover your vision as you go berserk!
You feel yourself moving faster!
You feel mighty! Something hits you!
* * * LOW HITPOINT WARNING * * *
You miss something. You barely miss something. Your headbutt misses something.
Something hits you.
You die...

#............#.##..# #..##
#............#.###..# .##.
#.......{....#.# ##..# ##..
########.#####.# #..## ##..#
#.)# #.# #... ##..## .. ##.#
#.#######..##..## .... #)#
#.#.....##....## .... #†#
#.#.....###..##
....#######.####@#..(......##
...............{.#.....#..##
.................#.....####
...........#.....#.....#######
...........#.....#.......(....
...........##.##.####.........
...........##..#.#............
...........##<.#.#............
...........##....#............


There were no monsters in sight!

Vanquished Creatures
  2 adders (D:2)
  A worm (D:2)
  3 dart slugs
  2 ball pythons (D:1)
  2 bats
  3 endoplasms
  A giant cockroach (D:1)
  3 goblins
  2 hobgoblins (D:2)
  2 kobolds
  3 quokkas (D:2)
  A frilled lizard (D:2)
  2 rats
27 creatures vanquished.

Notes
Turn   | Place    | Note
-------+----------+-------------------------------------------
     0 | D:1      | shadowrider38 the Minotaur Berserker began the quest for
                  | the Orb.
     0 | D:1      | Reached XP level 1. HP: 19/19 MP: 0/0
   293 | D:1      | Reached skill level 4 in Axes
   293 | D:1      | Reached XP level 2. HP: 27/27 MP: 1/1
   737 | D:2      | Reached XP level 3. HP: 21/33 MP: 2/2
   943 | D:2      | Reached skill level 5 in Axes
  1015 | D:2      | Reached ** piety under Trog
  1149 | D:2      | Noticed Sigmund
  1182 | D:2      | HP: 2/49 [something (10)]
  1184 | D:2      | Slain by Sigmund

Illustrated notes

Levels and vault maps discovered:
D:1:      lightli_iron_boxes, layout_basic
D:2:      minmay_alternating_diamond, layout_basic,
          ebering_ecumenical_altar_webs, uniq_sigmund

Skill      XL: |  1  2  3 |
---------------+----------+-----
Axes           | 4 5 |  5.4
Fighting       | |  3.9
Armour         | |  2.5
Dodging        | |  2.2

Action                   || total
-------------------------++-------
Melee: Hand axe          ||    56
       Headbutt          ||     9
Invok: Berserk           ||     1
Armor: Animal skin       ||     6
       Ring mail         ||     4
Dodge: Dodged            ||    34
